 Dungeon Crawl Stone Soup version 0.32-a0-995-gb4a59205af (webtiles) character file.

Game seed: 1590349048692489921

11258 AnimeIsTrash the Fighter (level 11, 0/95 HPs)
             Began as a Demonspawn Artificer on Apr 22, 2024.
             Was an Initiate of Gozag.
             Incinerated by a deep elf pyromancer (8 damage)
             ... with a pyre arrow
             ... on level 13 of the Dungeon.
             The game lasted 00:22:57 (12388 turns).

AnimeIsTrash the Fighter (Demonspawn Artificer)    Turns: 12388, Time: 00:22:57

Health: 0/95       AC: 19    Str: 18    XL:     11   Next: 47%
Magic:  0/11       EV:  7    Int: 11    God:    Gozag
Gold:   419        SH:  8    Dex: 13    Spells: 10/10 levels left

rFire   . . .        M - +5 morningstar of Dim Light {drain, rC+ Will- rCorr}
rCold   + . .        S - +3 warlock's mirror {omnireflect}
rNeg    . . .        l - +0 plate armour
rPois   +            (helmet restricted)
rElec   .            (no cloak)
rCorr   +            N - +0 pair of gloves
SInv    .            T - +2 pair of boots
Will    .....        B - amulet of guardian spirit Stlth
                     s - ring of poison resistance
HPRegen 0.35/turn    (no ring)
MPRegen 0.12/turn

%: reflection, guardian spirit
@: on fire, gold aura, glowing
A: horns 2, foul stench 1, sturdy frame 2
a: Renounce Religion, Potion Petition, Call Merchant, Bribe Branch


You were on level 13 of the Dungeon.
You worshipped Gozag.
Gozag was aware of your devotion.
You visited 2 branches of the dungeon, and saw 14 of its levels.

You collected 1573 gold pieces.
You spent 1019 gold pieces at shops.
You paid 135 gold pieces to Gozag.

Inventory:

Hand Weapons
 a - a +0 club
 f - a -2 demon whip of venom
 g - a +0 short sword
 i - a +0 whip of flaming
 k - a +3 whip
 y - a +0 flail
 E - a +0 broad axe
 M - the +5 morningstar of Dim Light (weapon) {drain, rC+ Will- rCorr}
   (You found it on level 10 of the Dungeon)

   rC+:       It protects you from cold.
   Will-:     It decreases your willpower.
   rCorr:     It protects you from acid and corrosion.
Armour
 l - a +0 plate armour (worn)
 N - a +0 pair of gloves (worn)
 O - a +0 buckler
 S - the +3 warlock's mirror (worn) {omnireflect}
   (You bought it in a shop on level 11 of the Dungeon)

   Omnireflect: It can block and reflect piercing ranged attacks and magical
   attacks against the wielder's willpower.
 T - a +2 pair of boots (worn)
Jewellery
 j - a ring of fire
 s - a ring of poison resistance (left hand)
 x - an amulet of magic regeneration
 B - an amulet of guardian spirit (around neck)
 L - an amulet of reflection
 Q - a ring of wizardry
Wands
 c - a wand of flame (20) (quivered)
 d - a wand of charming (13)
 u - a wand of paralysis (15)
 F - a wand of polymorph (5)
Scrolls
 b - a scroll of enchant armour
 e - 2 scrolls of torment {unknown}
 m - 3 scrolls of teleportation
 r - a scroll of summoning {unknown}
 v - a scroll of poison {unknown}
 C - a scroll of revelation {unknown}
 D - a scroll of enchant weapon {unknown}
 G - a scroll of blinking {unknown}
 I - a scroll of fear
 K - a scroll of vulnerability {unknown}
 U - a scroll of noise {unknown}
 V - a scroll of amnesia
 W - a scroll of identify
Potions
 h - a potion of lignification
 n - a potion of invisibility
 o - a potion of brilliance
 p - 4 potions of enlightenment
 q - a potion of magic
 t - a potion of ambrosia {unknown}
 w - a potion of resistance {unknown}
 z - 3 potions of haste
 A - a potion of mutation {unknown}
 H - 3 potions of degeneration {unknown}
 J - a potion of attraction {unknown}
 P - 3 potions of curing
 R - a potion of heal wounds


   Skills:
 + Level 11.6 Fighting
 - Level 8.0 Maces & Flails
 + Level 9.2 Armour
 - Level 0.8 Dodging
 - Level 0.8 Stealth
 - Level 5.0 Shields
 - Level 3.0 Evocations


You had 10 spell levels left.
You didn't know any spells.
Your spell library contained the following spells:

 Spells                   Type           Power      Damage    Failure   Level
 Kiss of Death            Conj/Necr      0%         2d5       97%         1
 Magic Dart               Conj           0%         1d3       97%         1
 Call Imp                 Summ           0%         N/A       99%         2
 Searing Ray              Conj           0%         2d4       99%         2
 Confusing Touch          Hex            0%         N/A       100%        3
 Maxwell's Portable Pile  Tloc           0%         2d(5-13)  100%        3
 Dispel Undead            Necr           0%         3d6       100%        4
 Fulminant Prism          Conj/Alch      0%         3d5       100%        4
 Iskenderun's Mystic Bla Conj/Tloc 0%             2d3        (+2d1     100%        4
 Iskenderun's Battlesphe  Conj           0%         2d6       100%        5
 Bombard                  Conj/Erth      0%         9d1       100%        6
 Haunt                    Necr/Summ      0%         N/A       100%        7
 Spellforged Servitor     Conj/Summ      0%         N/A       100%        7
 Infestation              Necr           0%         N/A       100%        8
 Animate Dead             Necr           Unusable   N/A       N/A         4

Dungeon Overview and Level Annotations

Branches:
Dungeon (14/15)            Temple (1/1) D:7             Orc (0/2) D:11
   Lair: D:8-11      Vaults: D:13-14

Altars:
Ashenzari
Cheibriados
Dithmenos
Fedhas
Gozag
Hepliaklqana
Kikubaaqudgha
Makhleb
Nemelex Xobeh
Okawaru
Qazlal
Ru
Sif Muna
Trog
Uskayaw
Vehumet
Wu Jian
Xom
Yredelemnul

Shops:
D:6 **   D:8 [   D:11 [

Portals:
Trove: D:11 (show slimy rune of Zot)

Annotations:
D:6 1 runed translucent door, Crazy Yiuf
D:10 1 runed translucent door


Innate Abilities, Weirdness & Mutations

You have a pair of horns on your head.
You may rarely emit foul miasma when damaged in melee.
Your movements are less encumbered by armour. (ER -4)


Message History

Unknown command.
You start resting.
A deep elf pyromancer is nearby!
You start resting.
A deep elf pyromancer is nearby!
The deep elf pyromancer casts a spell at you.
The pyre arrow hits you.
You are covered in intense liquid fire!
You shake off some of the fire as you move.
The liquid fire burns you!
The deep elf pyromancer hits you but does no damage.
You barely miss the deep elf pyromancer.
The liquid fire burns you!
You block the deep elf pyromancer's attack.
You sock the deep elf pyromancer!
The deep elf pyromancer is moderately wounded.
The liquid fire burns you!
The deep elf pyromancer casts a spell.
You are too injured to fight recklessly!
You are too injured to fight recklessly!
Unknown command.
You impale the deep elf pyromancer!! You drain the deep elf pyromancer.
The deep elf pyromancer is almost dead.
The liquid fire burns you!
* * * LOW HITPOINT WARNING * * *
The deep elf pyromancer casts a spell at you.
The pyre arrow hits you.
You are even more covered in intense liquid fire!
The fire elemental hits you. The fire elemental burns you!
* * * LOW HITPOINT WARNING * * *
You hit the deep elf pyromancer. You headbutt the deep elf pyromancer.
You kill the deep elf pyromancer!
The fire elemental disappears in a puff of smoke! x2
The liquid fire burns you!
* * * LOW HITPOINT WARNING * * *
Unknown command.
You shake off some of the fire as you move.
The liquid fire burns you!
You die...
Your body crumbles into a pile of gold.

#...... ....
###......##...
#.........#...
#.........#..§
#.........#...
#.........#... .
#.......###$######....
#............@........
#...........§.........
#.....................
#.....................
###...####.....####.....
#.....# ####### .....
#.....# .... #.....+
.... #.....#


There were no monsters in sight!

Vanquished Creatures
  Amaemon (D:7)
  2 deep elf pyromancers (D:13)
  An orange demon (D:8)
  2 gargoyles
  A kobold demonologist (D:6)
  Psyche (D:8)
  A wraith (D:8)
  2 shadows
  A basilisk (D:13)
  20 yaks
  2 vampire mosquitoes (D:11)
  3 steam dragons
  An acid dragon (D:11)
  6 orc warriors
  5 black bears
  An ice beast (D:5)
  2 sky beasts
  4 ogres
  7 centaurs
  A phantom (D:6)
  5 kobold brigands
  2 scorpions (D:4)
  4 bullfrogs
  5 killer bees (D:8)
  A howler monkey (D:10)
  6 hounds
  A jelly (D:4)
  3 orc priests
  4 gnoll boudas
  2 sleepcaps
  2 iguanas
  6 orc wizards
  8 adders
  12 gnolls
  3 white imps
  An ufetubus (D:6)
  7 dart slugs
  A ribbon worm (D:10)
  32 orcs
  3 endoplasms
  3 giant cockroaches
  10 goblins
  10 hobgoblins
  9 kobolds
  4 quokkas
  6 ball pythons
  4 bats
  A frilled lizard (D:2)
  2 goblin skeletons (D:5)
  2 hobgoblin zombies (D:5)
  2 kobold skeletons (D:5)
  A kobold zombie (D:5)
  4 orc skeletons (D:5)
  3 rats
233 creatures vanquished.

Vanquished Creatures (collateral kills)
  A hobgoblin (D:1)
1 creature vanquished.

Vanquished Creatures (others)
  A ball python (D:1)
  A kobold (D:1)
2 creatures vanquished.

Grand Total: 236 creatures vanquished

Notes
Turn   | Place    | Note
-------+----------+-------------------------------------------
     0 | D:1      | AnimeIsTrash the Demonspawn Artificer began the quest for
                  | the Orb.
     0 | D:1      | Reached XP level 1. HP: 15/15 MP: 1/1
   188 | D:1      | Reached skill level 1 in Maces & Flails
   272 | D:1      | Gained mutation: You have a pair of small horns on your
                  | head. [demonic ancestry]
   272 | D:1      | Reached XP level 2. HP: 15/21 MP: 2/2
   808 | D:1      | Gained mutation: You may rarely emit foul miasma when
                  | damaged in melee. [demonic ancestry]
   808 | D:1      | Reached XP level 3. HP: 18/26 MP: 3/3
  1297 | D:2      | use charm when 3+ enemies in sight
  1795 | D:2      | Found a faded altar of an unknown god.
  2530 | D:3      | Reached XP level 4. HP: 30/32 MP: 4/4
  2671 | D:3      | Reached XP level 5. HP: 14/37 MP: 5/5
  3199 | D:4      | Reached skill level 5 in Maces & Flails
  3285 | D:4      | Noticed an ogre
  3489 | D:4      | Gained mutation: Your movements are slightly less
                  | encumbered by armour. (ER -2) [demonic ancestry]
  3489 | D:4      | Reached XP level 6. HP: 43/43 MP: 6/6
  3654 | D:4      | HP: 2/43 [black bear (2)]
  3887 | D:4      | Gained mutation: You have a pair of horns on your head.
                  | [demonic ancestry]
  3887 | D:4      | Reached XP level 7. HP: 41/48 MP: 7/7
  4247 | D:5      | Entered Level 5 of the Dungeon
  4403 | D:5      | Found a hide-covered altar of Uskayaw.
  4799 | D:5      | Reached skill level 2 in Fighting
  4945 | D:5      | Got the Lessons on the Illusory Tesseract
  5020 | D:5      | Found a shimmering blue altar of Sif Muna.
  5163 | D:6      | Reached XP level 8. HP: 50/57 MP: 8/8
  5426 | D:6      | Found a runed translucent door.
  5427 | D:6      | Noticed Crazy Yiuf
  5479 | D:6      | Reached skill level 3 in Fighting
  5509 | D:6      | use paralysis to escape from enemies by turning them into
                  | blocks in corridors
  5661 | D:6      | Reached skill level 4 in Fighting
  5873 | D:6      | Reached skill level 5 in Fighting
  5945 | D:6      | Reached skill level 5 in Armour
  6124 | D:6      | Found Suuser's Specific Store.
  6126 | D:6      | Found Bixireul's General Store.
  6130 | D:6      | Bought a scroll of fear for 48 gold pieces
  6130 | D:6      | Bought 3 scrolls of teleportation for 108 gold pieces
  6246 | D:7      | Reached XP level 9. HP: 50/68 MP: 5/9
  6791 | D:7      | Reached skill level 6 in Fighting
  6968 | D:7      | Noticed a kobold demonologist
  6981 | D:7      | Noticed a hellwing
  7101 | D:7      | Noticed a rust devil
  7104 | D:6      | Noticed a soul eater
  7114 | D:6      | Killed a kobold demonologist
  7224 | D:7      | Found a staircase to the Ecumenical Temple.
  7393 | Temple   | Entered the Ecumenical Temple
  7407 | Temple   | Became a worshipper of Gozag Ym Sagoz the Greedy
  7589 | D:8      | Noticed Amaemon
  7589 | D:8      | Noticed an orange demon
  7589 | D:8      | Found Acsihia's Armour Boutique.
  7624 | D:7      | Killed Amaemon
  7625 | D:7      | Reached skill level 7 in Fighting
  7779 | D:7      | use haste and iceblast to kite
  7825 | D:8      | Found a broken altar of Ashenzari.
  7827 | D:8      | Found an ancient bone altar of Kikubaaqudgha.
  7866 | D:8      | Reached skill level 8 in Fighting
  8121 | D:8      | Reached XP level 10. HP: 46/80 MP: 6/10
  8414 | D:9      | Noticed an elephant
  8819 | D:8      | Bought a +0 buckler for 72 gold pieces
  8886 | D:7      | Reached skill level 1 in Shields
  8995 | D:7      | Reached skill level 9 in Fighting
  9138 | D:8      | Killed an orange demon
  9636 | D:8      | Noticed Psyche
  9639 | D:8      | Killed Psyche
  9707 | D:8      | Found a hazy altar of Hepliaklqana.
 10176 | D:8      | cache of meat, neat :)
 10278 | D:8      | Reached skill level 10 in Fighting
 10540 | D:10     | Entered Level 10 of the Dungeon
 10561 | D:10     | Found a snail-covered altar of Cheibriados.
 10683 | D:10     | Noticed a gargoyle
 10697 | D:10     | Killed a gargoyle
 10888 | D:10     | Identified the +5 morningstar of Dim Light {drain, rC+
                  | Will- rCorr}
 10949 | D:10     | Reached skill level 5 in Shields
 10960 | D:10     | Gained mutation: Your movements are less encumbered by
                  | armour. (ER -4) [demonic ancestry]
 10960 | D:10     | Reached XP level 11. HP: 71/92 MP: 7/11
 11196 | D:10     | Found an iron altar of Okawaru.
 11196 | D:10     | Found a sparkling altar of Nemelex Xobeh.
 11267 | D:10     | Noticed a two-headed ogre
 11269 | D:10     | Found a runed translucent door.
 11273 | D:10     | Noticed a tengu warrior
 11477 | D:11     | Found Xuegamot's Armour Boutique.
 11477 | D:11     | Found a staircase to the Orcish Mines.
 11608 | D:11     | Bought the +3 warlock's mirror {omnireflect} for 560 gold
                  | pieces
 11608 | D:11     | Found the +3 warlock's mirror {omnireflect}
 11608 | D:11     | Bought a +2 pair of boots for 231 gold pieces
 11663 | D:11     | Found a portal to a secret trove of treasure.
 11723 | D:11     | Reached skill level 11 in Fighting
 11861 | D:11     | You fall into a shaft and drop 3 floors!
 11865 | D:14     | Noticed a deep elf pyromancer
 11865 | D:14     | Noticed a skeletal warrior
 11880 | D:14     | Noticed an orc knight
 11883 | D:14     | just got shafted and had to burn 4 tele scrolls :))))))
 12058 | D:13     | Noticed a deep elf pyromancer
 12068 | D:13     | Killed a deep elf pyromancer
 12367 | D:13     | Noticed a deep elf pyromancer
 12387 | D:13     | Killed a deep elf pyromancer
 12388 | D:13     | Incinerated by a deep elf pyromancer

Illustrated notes .# #.. .# #.##.# .#####.##.# ....##.##.# ###..#.##.#### . ##.>........ .(. ######.##.##########..#. .....)†.#.###........... ######.......)..@†....# #..#.###.######.... #.......... # #....###.### ###### #.# ..# #.# #.# Turn 1297 on D:2: use charm when 3+ enemies in sight

..##..#..#.......#####..........#
..#...#.#............##.........#
.....##.#.........##.##.........#
................................#
......##.........###.............
.......#...############..........
#.##...........##................
#.##.#.........#<.####...........
..#.............@# #...........
.#...##........### ##.##........
.....#.....>....## #..#)........
.##.#............## #.#..#.......
....#..........#..###...###.....#
.##...#................## #####.#
.#....#........#.#.#...# ##.#
...####............#...#### #..#
..#####......###..........## #.##


Turn 5509 on D:6: use paralysis to escape from enemies by turning them into
blocks in corridors .#####.#.........# ....##...........# ###....#.........#
#......##.###.### ##..###.##.# #.# ....# #....###.#### ....# ##..>.......#
########..........# ................@.# ##########........# #........# #####
#........# ....## #........# ###..## #........# ##....# #........# ...####
########## #### Turn 7779 on D:7: use haste and iceblast to kite ....#####
##..P.......≈≈# ##...#########........~~≈# ♣###.)')..'.).........~≈≈#
..♣#>)#).[).).........~≈≈# ...####...#)...........≈≈# ......#####[...........~≈#
..........)....####....≈≈# ...............'..#....~≈# .##'#...####...#@.#...~≈≈#
.#..#..)#..'...####...~≈≈# .#..#...#.[#.........~≈≈≈# .####...####.........~~≈≈#
....................~≈≈≈≈# ~~...~....~~........≈≈≈≈≈# ≈~~.≈~~≈~~~.)~~~~~.~≈≈≈≈≈#
≈≈≈≈≈≈≈≈≈~≈~~~~≈≈~≈~≈≈≈≈≈# ≈≈≈≈≈≈≈≈≈≈≈≈≈≈≈≈≈≈≈≈≈≈≈≈≈# Turn 10176 on D:8: cache
of meat, neat :) ##### #... #... #... #..# #..# #..# #.@# #..# #... #.... #....#
####.# .. #.. Turn 11883 on D:14: just got shafted and had to burn 4 tele
scrolls :))))))

Levels and vault maps discovered:
D:1:      dpeg_arrival_windows_large_door, layout_loops_corners
D:2:      layout_basic, shapermc_ecumenical_altar_mp_vishouse, hex_large
D:3:      layout_basic
D:4:      layout_loops_ring, grunt_decor_fettered
D:5:      layout_gridville, eat_drink_and_be_merry_uskayaw,
          lemuel_blue_sif_altar, nicolae_tso_besieged_by_evil,
          serial_library_hellmonk_narrow_alcove, serial_bayou_lagoon_b
D:6:      layout_rooms, nicolae_specific_store, minmay_alternating_orb,
          uniq_crazy_yiuf_cottage
D:7:      layout_rooms, minmay_temple_entry_overgrown, corexii_checkpoint
D:8:      kennysheep_seaside_town, layout_cave_pools,
          nicolae_hepliaklqana_hippocampus, jmf_multi_god_temple, serial_shops,
          shop, uniq_psyche, uniq_amaemon
D:9:      layout_cave_pods, grunt_lair_entry_orc_guard_hut, uniq_maggie,
          uniq_harold
D:10:     layout_roguey, slow_altar_1, gammafunk_temple_overflow_statue,
          minmay_st_funbox, chequers_serial_rivers_small_b,
          minmay_misc_feat_columns
D:11:     layout_long_grid, orc_david_3, nicolae_trove_entry_isolated,
          portal_ice_cave_entry_ice_simulacra
D:13:     layout_irregular_city, serial_shops, nicolae_shop_statue_plus
D:14:     kennysheep_scales, layout_rooms,
          hangedman_vaults_entry_quadrant_bands, chequers_avenue,
          nicolae_shop_i_like_big_books, st_stairs_12, minmay_bent, uniq_agnes
Temple:   nicolae_temple_figure_eight

Skill      XL: |  1  2  3  4  5  6  7  8  9 10 11 |
---------------+----------------------------------+-----
Maces & Flails | 1 2 3 4 5 6 8 |  8.0
Fighting       | 2 5 8 10 11 | 11.6
Armour         | 2 5 7 8 9 |  9.2
Shields        | 5 |  5.0
Dodging        | |  0.8
Stealth        | |  0.8
Evocations     | |  3.0

Action                     |  1- 3 |  4- 6 |  7- 9 | 10-12 || total
---------------------------+-------+-------+-------+-------++-------
  Melee: Club              |    56 |       |       |       ||    56
         Short sword       |    25 |       |       |       ||    25
         Headbutt          |    22 |    25 |   115 |    78 ||   240
         Whip              |    81 |   107 |   385 |       ||   573
         Demon whip        |       |       |    43 |   213 ||   256
         Morningstar       |       |       |       |   125 ||   125
  Evoke: Wand              |     2 |     4 |    11 |     3 ||    20
    Use: Scroll            |       |     6 |     1 |     7 ||    14
         Potion            |       |     1 |     5 |       ||     6
   Stab: Sleeping          |     3 |       |       |       ||     3
         Paralysed         |       |     9 |    15 |       ||    24
         Invisible         |       |       |     5 |       ||     5
         Distracted        |       |       |       |     2 ||     2
 Armour: Leather armour    |   106 |     5 |       |       ||   111
         Scale mail        |       |    23 |       |       ||    23
         Plate armour      |       |    60 |   417 |   330 ||   807
  Dodge: Dodged            |    75 |    23 |   130 |    83 ||   311
  Block: Buckler           |       |       |       |    70 ||    70
         Reflection        |       |       |       |     1 ||     1

Table legend: (Time is in decaauts)
 A = Elapsed time spent in this place.
 B = Non-inter-level travel time spent in this place.
 C = Inter-level travel time spent in this place.
 D = Time resting spent in this place.
 E = Time spent auto-exploring this place.
 F = Levels seen in this place.
 G = Mean time per level.
                   A        B        C        D        E       F      G
               +--------+--------+--------+--------+--------+-----+--------+
         Total |  12252 |  11660 |    592 |   2137 |   7174 |  14 |  875.1 |
       Dungeon |  12225 |  11657 |    568 |   2137 |   7174 |  13 |  940.4 |
        Temple |     26 |      3 |     23 |      0 |      0 |   1 |   26.0 |
               +--------+--------+--------+--------+--------+-----+--------+

Top non-repeatable levels by time:
     D:8: 2193 daAuts
     D:7: 1361 daAuts
     D:1: 1259 daAuts
     D:6: 1207 daAuts
     D:5: 1108 daAuts
     D:4: 1059 daAuts
     D:2: 1024 daAuts
    D:10: 926 daAuts
     D:3: 896 daAuts
    D:11: 399 daAuts
    D:13: 344 daAuts
     D:9: 258 daAuts
    D:14: 187 daAuts
  Temple: 26 daAuts
